 Dungeon Crawl Stone Soup version 0.29-a0-418-gc0181ea820 (webtiles) character file.

Game seed: 14111198874394661015

37 bande the Vexing (level 3, -1/31 HPs)
             Began as a Gnoll Wanderer on May 17, 2022.
             Slain by a gnoll
             ... wielding a +0 flail
              (8 damage)
             ... on level 2 of the Dungeon.
             The game lasted 00:02:48 (1853 turns).

bande the Vexing (Gnoll Wanderer)                   Turns: 1853, Time: 00:02:48

Health: -1/31      AC:  2    Str: 10    XL:     3   Next: 39%
Magic:  7/7        EV:  7    Int: 12    God:
Gold:   67         SH:  0    Dex: 13    Spells: 6/7 levels left

rFire   . . .      SeeInvis .   j - +0 flail
rCold   . . .      Faith    .   (no shield)
rNeg    . . .      Spirit   .   c - +0 robe
rPois   .          Reflect  .   (no helmet)
rElec   .          Harm     .   (no cloak)
rCorr   .          Rampage  .   (no gloves)
Will    .....                   (no boots)
Stlth   +.........              (no amulet)
HPRegen 0.10/turn               (no ring)
MPRegen 0.10/turn               (no ring)

@: held
A: fangs 1, strong nose, distributed training
a: no special abilities


You were on level 2 of the Dungeon.
You visited 1 branch of the dungeon, and saw 2 of its levels.

You collected 67 gold pieces.

Inventory:

Hand Weapons
 a - a +0 dagger
 j - a +0 flail (weapon)
Armour
 c - a +0 robe (worn)
Magical Staves
 h - a staff of conjuration
Scrolls
 b - a scroll of fear
 d - a scroll of fog
 e - a scroll of immolation {unknown}
 f - a scroll of identify {unknown}
 g - a scroll of enchant weapon {unknown}
Potions
 i - a potion of flight {unknown}
 k - a potion of brilliance {unknown}
 l - a potion of ambrosia {unknown}


   Skills:
 + Level 4.5 Fighting
 + Level 0.7 Short Blades
 + Level 0.7 Long Blades
 + Level 0.7 Axes
 + Level 0.7 Maces & Flails
 + Level 0.7 Polearms
 + Level 0.7 Staves
 + Level 0.7 Slings
 + Level 0.7 Bows
 + Level 0.7 Crossbows
 + Level 0.7 Throwing
 + Level 0.7 Armour
 + Level 4.5 Dodging
 + Level 0.7 Stealth
 + Level 0.7 Shields
 + Level 0.7 Unarmed Combat
 + Level 2.8 Spellcasting
 + Level 0.5 Conjurations
 + Level 5.4 Hexes
 + Level 0.5 Summonings
 + Level 3.7 Necromancy
 + Level 0.5 Translocations
 + Level 0.5 Transmutations
 + Level 0.5 Fire Magic
 + Level 0.5 Ice Magic
 + Level 0.5 Air Magic
 + Level 0.5 Earth Magic
 + Level 0.5 Poison Magic
 + Level 0.9 Invocations
 + Level 0.7 Evocations


You had 6 spell levels left.
You knew the following spells:

 Your Spells              Type           Power      Damage    Failure   Level
a - Pain                  Necr           40%        1d6       5%          1

Your spell library contained the following spells:

 Spells                   Type           Power      Damage    Failure   Level
 Slow                     Hex            56%        N/A       2%          1
 Vampiric Draining        Necr           10%        2d6       16%         3
 Anguish                  Hex/Necr       6%         N/A       36%         4
 Fulminant Prism          Conj/Hex       4%         3d6       58%         4


Dungeon Overview and Level Annotations

Branches:
Dungeon (2/15)

Altars:


Innate Abilities, Weirdness & Mutations

You have very sharp teeth.
Your uncanny sense of smell can sniff out nearby items.
Your experience applies equally to all skills.


Message History

You see here a fizzy coppery potion.
A gnoll comes into view. It is wielding a +0 flail.
Found a faded altar of an unknown god.
The kobold throws a stone.
The stone hits you but does no damage.
A gnoll comes into view. It is wielding a +0 whip.
You closely miss the goblin. The goblin hits you with a +0 dagger.
You barely miss the goblin.
A gnoll comes into view. It is wielding a +0 club. x2
The goblin misses you.
The kobold throws a stone.
The stone barely misses you.
The gnoll throws a throwing net.
The throwing net barely misses you. The goblin hits you with a +0 dagger.
You closely miss the goblin.
The gnoll shouts!
The kobold throws a stone.
The stone hits you. The goblin barely misses you.
You hit the goblin.
The goblin is heavily wounded.
The goblin hits you with a +0 dagger.
You sock the goblin!
You kill the goblin!
The gnoll hits you with a +0 flail.
The kobold hits you with a +0 short sword.
The gnoll misses you.
You hit the gnoll.
The gnoll is heavily wounded.
The kobold hits you but does no damage. The gnoll hits you with a +0 flail!
You are too injured to fight recklessly!
You are too injured to fight recklessly!
You are too injured to fight recklessly!
Unknown command.
The gnoll attacks as you move away! The gnoll barely misses you.
The kobold throws a stone.
The stone hits you but does no damage.
You see here a fizzy coppery potion.
The kobold throws a stone.
The stone barely misses you.
The gnoll throws a throwing net.
The throwing net hits you.
You become entangled in the net!
You see here a throwing net.
You struggle against the net.
The gnoll hits you with a +0 flail.
* * * LOW HITPOINT WARNING * * *
You struggle against the net.
The gnoll hits you with a +0 flail!
You die...

#............
#.########### #.# #
#.# # #.# # ########.#
# #........# # #
#.g....#..$..... #
###.###.g@...#.#####..
# ......gg!###.#.# #
........K# #.#.#
......)..(......
####.....#.#.#..
............⌠.
###.....#.#.....
#.....#...._.⌠#
#.....# ....


You could see 4 gnolls and a kobold.

Vanquished Creatures
  2 adder zombies (D:2)
  A dart slug (D:2)
  A bat (D:1)
  4 endoplasms (D:1)
  A giant cockroach (D:1)
  5 goblins
  A hobgoblin (D:1)
  4 jackals (D:1)
  A ball python (D:1)
  A frilled lizard (D:2)
  4 rats (D:1)
25 creatures vanquished.

Notes
Turn   | Place    | Note
-------+----------+-------------------------------------------
     0 | D:1      | bande the Gnoll Wanderer began the quest for the Orb.
     0 | D:1      | bande set off with the following items: a +0 dagger, a
                  | scroll of fear, a +0 robe, a scroll of fog; and the
                  | following spells available to memorise: Slow, Pain,
                  | Vampiric Draining, Anguish, Fulminant Prism
     0 | D:1      | Reached XP level 1. HP: 20/20 MP: 4/4
   302 | D:1      | Learned a level 1 spell: Pain
   338 | D:1      | Reached XP level 2. HP: 15/26 MP: 2/5
  1281 | D:1      | Reached XP level 3. HP: 31/31 MP: 7/7
  1843 | D:2      | Found a faded altar of an unknown god.
  1853 | D:2      | Slain by a gnoll

Illustrated notes

Levels and vault maps discovered:
D:1:      elethiomel_arrival_shortcut, layout_basic
D:2:      layout_basic, serial_undead, serial_undead_d, serial_undead_a,
          serial_undead_d, serial_undead_e, hellmonk_ecumenical_altar_run_dry,
          kennysheep_big_empty_room

Action                   || total
-------------------------++-------
Melee: Dagger            ||    73
       Bite              ||    10
       Punch             ||     2
       Flail             ||    19
 Cast: Pain              ||     5
Armor: Robe              ||    15
Dodge: Dodged            ||    70

Table legend: (Time is in decaauts)
 A = Elapsed time spent in this place.
 B = Non-inter-level travel time spent in this place.
 C = Inter-level travel time spent in this place.
 D = Time resting spent in this place.
 E = Time spent auto-exploring this place.
 F = Levels seen in this place.
 G = Mean time per level.
                   A        B        C        D        E       F      G
               +--------+--------+--------+--------+--------+-----+--------+
         Total |   1858 |   1858 |      0 |    570 |   1010 |   2 |  929.0 |
       Dungeon |   1858 |   1858 |      0 |    570 |   1010 |   2 |  929.0 |
               +--------+--------+--------+--------+--------+-----+--------+

Top non-repeatable levels by time:
     D:1: 1524 daAuts
     D:2: 333 daAuts
